 Dungeon Crawl Stone Soup version 0.21.0-25-ge575cb9ce8 (webtiles) character file.

460852 Principatus the Wrestler (level 23, -1/252 HPs)
             Began as a Troll Berserker on Jan 23, 2018.
             Was the Champion of Trog.
             Slain by an ironheart preserver
             ... wielding a cursed -2 flail
              (7 damage)
             ... on level 5 of the Vaults on Jan 24, 2018.
             The game lasted 04:45:04 (60443 turns).

Principatus the Wrestler (Troll Berserker)         Turns: 60443, Time: 04:45:05

Health: -1/252     AC: 13    Str: 35    XL:     23   Next: 36%
Magic:  22/22      EV:  1    Int:  4    God:    Trog [******]
Gold:   3281       SH:  0    Dex: 14    Spells: 22/22 levels left

rFire    + . .     SeeInvis +     - Unarmed
rCold    + + +     Gourm    +   C - +0 large shield
rNeg     + + +     Faith    .   o - +0 ice dragon scales
rPois    ∞         Spirit   .   (helmet restricted)
rElec    +         Reflect  +   c - +1 cloak of Zin's Benevolence {rF+}
rCorr    .         Harm     .   (gloves unavailable)
MR       +....                  (boots unavailable)
Stlth    ..........             I - +4 amulet of reflection
HPRegen  0.92/turn              a - ring of Eternal Harmony {rElec rC+ Str+3 Slay+3}
MPRegen  0.18/turn              R - ring of protection from fire

@: petrified, corroded, berserk cooldown, slowed, heavily drained
A: large, unfitting armour, claws 3, hooves 1, slimy green scales 1, see
invisible, fast metabolism 3, gourmand, sense surroundings 1, regeneration 1,
shaggy fur 1, tough skin 2
}: 2/15 runes: decaying, gossamer
a: Berserk, Trog's Hand, Brothers in Arms, Burn Spellbooks, Renounce Religion


You were on level 5 of the Vaults.
You worshipped Trog.
Trog was exalted by your worship.
You were very full.

You visited 7 branches of the dungeon, and saw 41 of its levels.
You visited the Abyss 1 time.
You also visited: Ossuary and Bailey.

You collected 5197 gold pieces.
You spent 1916 gold pieces at shops.

Inventory:

Missiles
 i - 6 steel javelins
 s - 14 poisoned javelins
 v - 4 throwing nets
 K - 75 large rocks (quivered)
 P - 10 silver tomahawks
 V - 12 javelins of penetration
Armour
 c - the +1 cloak of Zin's Benevolence (worn) {rF+}
   (You found it in a bailey)

   It protects you from fire.
 e - a +0 cloak of magic resistance
 o - +0 ice dragon scales (worn)
 C - a +0 large shield (worn)
 W - +0 fire dragon scales
Jewellery
 a - the ring of Eternal Harmony (left claw) {rElec rC+ Str+3 Slay+3}
   (You found it on level 11 of the Dungeon)

   [ring of protection from cold]

   It affects your strength (+3).
   It affects your accuracy and damage with ranged weapons and melee attacks
   (+3).
   It protects you from cold.
   It insulates you from electricity.
 q - an uncursed ring of protection from cold
 I - a +4 amulet of reflection (around neck)
 N - an uncursed ring of protection from magic
 R - a ring of protection from fire (right claw)
Wands
 u - a wand of clouds (3)
 A - a wand of paralysis (20)
 E - a wand of polymorph (11)
 J - a wand of iceblast (38)
 L - a wand of digging (30)
 T - a wand of acid (56)
Scrolls
 f - 14 scrolls of immolation
 h - a scroll of holy word
 l - 9 scrolls of fog
 m - 28 scrolls of remove curse
 n - a scroll of summoning
 p - 20 scrolls of teleportation
 w - 2 scrolls of silence
 y - 3 scrolls of enchant weapon
 z - 4 scrolls of brand weapon
 B - 5 scrolls of enchant armour
 F - 7 scrolls of magic mapping
 O - 2 scrolls of blinking
 X - 15 scrolls of identify
 Z - 3 scrolls of fear
Potions
 d - 2 potions of haste
 g - 6 potions of heal wounds
 j - 8 potions of agility
 k - a potion of invisibility
 r - 6 potions of curing
 t - 8 potions of flight
 D - 8 potions of might
 G - 2 potions of brilliance
 H - 6 potions of cancellation
 M - 5 potions of lignification
 Q - 6 potions of mutation
 Y - 4 potions of resistance
Miscellaneous
 x - a phial of floods
 S - a box of beasts
Comestibles
 b - 68 rations


   Skills:
 + Level 19.4(17.4) Fighting
 + Level 13.6(11.8) Throwing
 + Level 12.9(11.1) Armour
 - Level 10.5(8.9) Dodging
 - Level 15.0(13.1) Shields
 + Level 21.1(19.0) Unarmed Combat


You had 22 spell levels left.
You didn't know any spells.

Dungeon Overview and Level Annotations

Branches:
Dungeon (15/15)            Temple (0/1) D:4            Lair (6/6) D:9
  Swamp (4/4) Lair:3       Spider (4/4) Lair:2        Slime (0/5) Lair:6
    Orc (2/2) D:10            Elf (0/3) Orc:2        Vaults (5/5) D:13
  Crypt (0/3) Vaults:3     Depths (5/5) D:15            Zot (0/5) Depths:5

Altars:
Ashenzari
Cheibriados
Elyvilon
Hepliaklqana
Kikubaaqudgha
Makhleb
Okawaru
Trog
Xom
Yredelemnul
Zin
Beogh
Jiyva

Shops:
D:9 *   D:12 *   D:14 }*=*   Orc:2 ?[(}   Vaults:4 !   Depths:4 ?

Portals:
Hell: Depths:1 Depths:2 Depths:3 Depths:4 Depths:5
Abyss: Depths:1 Depths:3 Depths:4
Pandemonium: Depths:1 Depths:3 Depths:5
Ziggurat: Depths:1

Annotations:
Swamp:2 2 transporters
Swamp:4 Lernaean hydra


Innate Abilities, Weirdness & Mutations

You are too large for most types of armour.
You have claws for hands.
Your metabolism is lightning-fast.
You like to eat raw meat.
Your natural rate of healing is unusually fast.
You are covered in fur. (AC +1)
You have very tough skin. (AC +2)
You have large cloven feet.
You are partially covered in slimy green scales. (AC +2)
You have supernaturally acute eyesight. (SInv)
You passively map a small area around you.


Message History

The ironheart preserver hits you but does no damage.
The shadow dragon bites you!
* * * LOW HITPOINT WARNING * * *
The shadow dragon claws you but does no damage. x2
The runic seals fade away.
The lich touches you!
* * * LOW HITPOINT WARNING * * *
The deep troll bites you!
* * * LOW HITPOINT WARNING * * *
The deep troll claws you but does no damage.
The deep troll claws you!
* * * LOW HITPOINT WARNING * * *
The deep elf archer shoots an arrow.
The arrow hits you!
* * * LOW HITPOINT WARNING * * *
The lich touches you but does no damage.
The shadow dragon bites you but does no damage.
The shadow dragon claws you but does no damage. x2
The vault warden hits you with a battleaxe!
* * * LOW HITPOINT WARNING * * *
The ironheart preserver hits you with a flail!
You die...

... ,#....#.# . * *
%%..,#....#.#p# , , *
, .%..%#....#.#.# , ,
,, %....#....#...# *
, , , ,
..............#, *
####..[[[(..#########
.....[[<<[...c....e..
,
%....[<[[<..Lpp......
.....[[<<..iD@.......
......[(....T........
,
####........#########
* , ............ ,
....#....#...%,,
,....#....#..###, * *
... #....#..# ,,
#....#..#, , * ,


You could see a shadow dragon, an ironheart preserver, a vault warden, a lich, a
deep troll, a deep elf archer, a yaktaur and a spriggan shaped shifter.

Vanquished Creatures
  Mara (Depths:3)
  Saint Roka (Depths:3)
  Jory (Vaults:3)
  4 golden dragons
  Nikola (Spider:2)
  Arachne (Spider:2)
  the Enchantress (Depths:3)
  A profane servitor (Abyss:3)
  Jorgrun (Depths:4)
  2 liches
  A tentacled monstrosity (Depths:3)
  Asterion (Vaults:4)
  2 quicksilver dragons
  A tentacled starspawn (Abyss:3)
  A thorn hunter (Swamp:4)
  7 shadow dragons
  3 storm dragons
  Frances (Spider:2)
  6 sphinxes
  3 tengu reavers
  8 fire giants
  The ghost of Andry07 the Warrior, an adept GrFi of Okawaru (Vaults:1)
  Roxanne (Swamp:1)
  3 orc warlords
  7 frost giants
  2 emperor scorpions
  4 ghost moths
  8 vault wardens
  A deep elf elementalist (Depths:3)
  A draconian stormcaller (Depths:4)
  A draconian shifter (Depths:5)
  16 stone giants
  8 spriggan defenders
  11 ironheart preservers
  3 very ugly things
  5 entropy weavers
  2 war gargoyles
  2 green draconians (Depths:5)
  The ghost of bogue1979 the Archer, a journeyman CeAM of the Shining One (Lair:4)
  A vampire knight (Depths:3)
  2 deep elf demonologists
  A purple draconian (Depths:5)
  A yellow draconian (Depths:5)
  2 deep elf annihilators
  5 spark wasps
  A dire elephant (D:15)
  Snorg (D:14)
  A green death (Depths:1)
  2 white draconians
  An eidolon (Abyss:3)
  A crystal guardian (Vaults:2)
  A merfolk javelineer (Depths:2)
  A blizzard demon (Abyss:3)
  10 great orbs of eyes
  8 fire dragons
  12 ettins
  3 deep elf death magi
  A great orb of eyes (shapeshifter) (Depths:5)
  2 deep elf high priests
  12 yaktaur captains
  Harold (D:10)
  14 ogre magi
  A hell beast (Depths:5)
  37 vault guards
  3 spriggan air magi
  9 rakshasas
  10 ice dragons
  A monstrous demonspawn (Depths:5)
  2 ghost crabs
  10 hydras
  A two-headed ogre (shapeshifter) (Vaults:2)
  A catoblepas (Lair:2)
  50 two-headed ogres
  4 death knights
  9 centaur warriors
  7 deep troll shamans
  6 death yaks
  3 tengu warriors
  14 alligators
  5 orc high priests
  9 spriggan berserkers
  8 deep troll earth magi
  2 thrashing horrors (Abyss:3)
  10 hell knights
  A vampire mage (Depths:3)
  12 spriggans
  A sun demon (Depths:5)
  2 deep elf knights
  A soul eater (Depths:1)
  6 unseen horrors
  A shadow wraith (Vaults:1)
  3 spriggan druids
  A storm dragon skeleton (Vaults:3)
  7 skeletal warriors
  2 torturous demonspawn
  30 deep trolls
  12 swamp dragons
  5 flayed ghosts
  A shambling mangrove (Swamp:4)
  4 glowing orange brains
  3 phantasmal warriors
  9 harpies
  8 deep elf archers
  3 necromancers
  7 wizards
  11 ironbrand convokers
  15 orc knights
  14 orb spiders
  26 wolf spiders
  An orb spider (shapeshifter) (Vaults:4)
  A manticore (D:14)
  5 oklob plants
  11 deep elf magi
  A tengu skeleton (Vaults:3)
  3 sphinx skeletons (Vaults:3)
  34 ugly things
  A salamander (D:15)
  11 orc sorcerers
  18 vault sentinels
  A shining eye (shapeshifter) (Depths:2)
  A worldbinder (Abyss:3)
  The ghost of cada the Insei, a novice OpTm of Cheibriados (D:4)
  20 elephants
  A moth of wrath (Spider:4)
  A black mamba (shapeshifter) (Vaults:2)
  5 black mambas (Lair:5)
  A rust devil (Depths:3)
  A smoke demon (Depths:5)
  3 torpor snails
  An apocalypse crab (Abyss:3)
  3 spiny frogs (shapeshifter)
  25 spiny frogs
  A gargoyle (D:15)
  2 fire giant skeletons (Vaults:3)
  A rime drake (Lair:5)
  38 yaktaurs
  4 freezing wraiths
  11 demonic crawlers
  A kobold demonologist (D:14)
  2 efreet
  A tormentor (Depths:3)
  5 komodo dragons
  2 ancient zymes (Abyss:3)
  A red devil (Depths:1)
  A komodo dragon (shapeshifter) (Vaults:4)
  A queen bee (shapeshifter) (Vaults:2)
  A tengu conjurer (Depths:2)
  6 trolls
  26 jumping spiders
  19 hornets
  14 tyrant leeches
  A queen bee (Depths:2)
  A raiju (shapeshifter) (Vaults:4)
  14 blink frogs (Lair:6)
  A hornet (shapeshifter) (Vaults:3)
  2 large abominations (Abyss:3)
  2 slime creatures (shapeshifter)
  25 slime creatures
  4 bog bodies
  2 stone giant simulacra
  A fire giant simulacrum (Vaults:1)
  12 dream sheep (Lair:6)
  A hippogriff (shapeshifter) (Vaults:4)
  A dream sheep (shapeshifter) (Depths:4)
  8 hippogriffs
  A frost giant simulacrum (Vaults:1)
  4 water elementals (Depths:2)
  A shadow (Swamp:3)
  2 air elementals (Depths:4)
  2 ettin skeletons (Vaults:3)
  5 wraiths
  30 tarantellas
  2 tarantellas (shapeshifter)
  2 ynoxinuls
  65 redbacks
  A human (D:7)
  2 wyverns
  4 hogs (D:7)
  A yak (shapeshifter) (Depths:2)
  3 basilisks
  A basilisk (shapeshifter) (Depths:3)
  30 yaks
  A steam dragon (D:10)
  2 hungry ghosts
  A neqoxec (Depths:3)
  A human simulacrum (Vaults:3)
  A chaos spawn (Depths:1)
  The ghost of GuyWithAPlan the Spear-Bearer, an amateur MfGl of Cheibriados (D:3)
  3 wargs
  5 small abominations (Abyss:3)
  31 vampire mosquitoes
  17 swamp worms
  26 water moccasins
  15 insubstantial wisps
  A soldier ant (shapeshifter) (Vaults:4)
  9 porcupines
  5 acid dragons
  58 orc warriors
  3 ice beasts
  10 swamp drakes
  2 black bears
  An ettin simulacrum (Vaults:2)
  4 sky beasts
  2 phantoms
  2 eyes of draining
  47 ogres
  4 boggarts
  34 wolves
  A wolf (shapeshifter) (Depths:2)
  10 centaurs
  A big kobold (shapeshifter) (Vaults:4)
  10 crocodiles
  A big kobold (D:8)
  27 bullfrogs
  4 earth elementals (Spider:2)
  4 human skeletons (Vaults:3)
  A wyvern skeleton (D:15)
  5 scorpions
  A water moccasin skeleton (D:12)
  28 killer bees
  An orc simulacrum (Vaults:1)
  11 wights
  An electric eel (Lair:6)
  6 howler monkeys
  10 crimson imps
  2 bullfrog zombies
  5 centaur skeletons
  3 centaur zombies
  3 quasits
  8 jellies
  7 hounds
  Crazy Yiuf (D:3)
  28 orc priests
  20 orc wizards
  A bullfrog skeleton (D:13)
  13 worker ants
  4 iguanas
  A killer bee zombie (D:5)
  A big kobold zombie (Ossuary)
  A centaur simulacrum (D:9)
  2 hound skeletons
  4 mummies (Ossuary)
  A howler monkey skeleton (D:6)
  6 gnolls
  13 adders
  An adder (shapeshifter) (Vaults:2)
  12 shadow imps
  2 white imps (Depths:5)
  An ufetubus (Abyss:3)
  An ooze (Lair:6)
  6 worms
  3 dart slugs
  8 leopard geckos
  124 orcs
  5 bats
  6 giant cockroaches
  9 goblins
  3 hobgoblins
  8 jackals
  10 kobolds
  A quokka (D:5)
  A ball python (D:5)
  A ball python skeleton (D:4)
  7 frilled lizards
  4 goblin zombies (Ossuary)
  A jackal zombie (D:8)
  A kobold zombie (Ossuary)
  An orc zombie (Ossuary)
  2 quokka zombies
  5 rats
  4 briar patches (Swamp:4)
  2 fungi
  A plant (Depths:1)
1876 creatures vanquished.

Vanquished Creatures (collateral kills)
  An ettin (Depths:2)
  A vault guard (Vaults:1)
  8 hydras
  A tengu warrior (D:14)
  6 death yaks
  Urug (D:13)
  A deep elf mage (D:15)
  4 ugly things
  4 elephants (Lair:6)
  2 spiny frogs
  A demonic crawler (Spider:2)
  A yaktaur (Depths:2)
  A komodo dragon (Lair:2)
  A hornet (Vaults:2)
  3 blink frogs (Lair:6)
  A hippogriff (Lair:5)
  2 slime creatures (Swamp:1)
  A redback (Spider:2)
  A tarantella (Spider:2)
  A hungry ghost (D:13)
  4 water moccasins (Lair:5)
  2 centaurs
  A bullfrog (Lair:6)
  2 wights (D:15)
  2 worker ants
  8 orcs (Orc:2)
61 creatures vanquished.

Vanquished Creatures (others)
  A ghost moth (Spider:4)
  An ironheart preserver (Vaults:2)
  2 vault guards (Vaults:5)
  5 yaktaur captains
  A wizard (Depths:4)
  A cyclops (Vaults:1)
  4 yaktaurs
  A komodo dragon (shapeshifter) (Depths:4)
  A redback (Spider:4)
  An insubstantial wisp (Swamp:1)
  4 boggarts
  2 centaurs (Depths:3)
  5 briar patches (Swamp:4)
  A bush (Lair:4)
  38 fungi
  67 plants
135 creatures vanquished.

Grand Total: 2072 creatures vanquished

Notes
Turn   | Place    | Note
-------+----------+-------------------------------------------
     0 | D:1      | Principatus the Troll Berserker began the quest for the Orb.
     0 | D:1      | Reached XP level 1. HP: 22/22 MP: 0/0
    63 | D:1      | Reached XP level 2. HP: 29/29 MP: 1/1
   415 | D:1      | Reached ** piety under Trog
   453 | D:1      | Reached XP level 3. HP: 36/36 MP: 2/2
  1475 | D:3      | Noticed GuyWithAPlan's ghost (amateur MfGl)
  1586 | D:3      | Noticed an ogre
  1592 | D:3      | Killed an ogre
  1592 | D:3      | Reached skill level 4 in Unarmed Combat
  1592 | D:3      | Reached XP level 4. HP: 30/45 MP: 3/3
  1592 | D:3      | Reached XP level 5. HP: 35/53 MP: 4/4
  1650 | D:3      | Found a bloodstained altar of Trog.
  1651 | D:3      | Found a white marble altar of Elyvilon.
  1653 | D:3      | Found a glowing silver altar of Zin.
  1655 | D:3      | Reached skill level 5 in Unarmed Combat
  2117 | D:3      | Found a runed door.
  2121 | D:3      | Noticed Crazy Yiuf
  2124 | D:3      | Killed Crazy Yiuf
  2481 | D:4      | Reached skill level 6 in Unarmed Combat
  2481 | D:4      | Reached XP level 6. HP: 56/61 MP: 5/5
  2575 | D:4      | Found a staircase to the Ecumenical Temple.
  2651 | D:4      | Noticed cada's ghost (novice OpTm)
  2659 | D:4      | Found a sand-covered staircase.
  2667 | Ossuary  | Entered an ossuary
  2742 | Ossuary  | Reached *** piety under Trog
  2911 | Ossuary  | Reached skill level 7 in Unarmed Combat
  2977 | D:4      | Killed cada's ghost
  2977 | D:4      | Reached skill level 8 in Unarmed Combat
  2977 | D:4      | Reached XP level 7. HP: 60/67 MP: 6/6
  3132 | D:3      | Found a bloodstained altar of Trog.
  3134 | D:3      | Found a glowing silver altar of Zin.
  3135 | D:3      | Found a white marble altar of Elyvilon.
  3332 | D:3      | Killed GuyWithAPlan's ghost
  3332 | D:3      | Reached skill level 9 in Unarmed Combat
  3375 | D:4      | Reached XP level 8. HP: 75/75 MP: 7/7
  3637 | D:4      | Found a burning altar of Makhleb.
  3979 | D:5      | Entered Level 5 of the Dungeon
  4143 | D:5      | Reached skill level 10 in Unarmed Combat
  4210 | D:5      | Reached **** piety under Trog
  4412 | D:5      | Found an ancient bone altar of Kikubaaqudgha.
  4487 | D:5      | Got an encrusted cloak
  4498 | D:5      | Identified the +2 cloak "Biyteg" {-Tele rCorr SInv} (You found it on level 5 of the Dungeon)
  4545 | D:5      | Reached skill level 11 in Unarmed Combat
  5046 | D:6      | Noticed a hippogriff
  5054 | D:6      | Killed a hippogriff
  5054 | D:6      | Reached XP level 9. HP: 62/81 MP: 8/8
  5169 | D:6      | Reached skill level 12 in Unarmed Combat
  5183 | D:6      | Found a shattered altar of Ashenzari.
  5735 | D:7      | Found a hazy altar of Hepliaklqana.
  5736 | D:7      | Found a shimmering altar of Xom.
  5737 | D:7      | Noticed a spectral ugly thing
  5769 | D:7      | Reached ***** piety under Trog
  5769 | D:7      | Reached skill level 1 in Throwing
  6228 | D:7      | Reached XP level 10. HP: 57/92 MP: 9/9
  6626 | D:8      | Found an ancient bone altar of Kikubaaqudgha.
  7318 | D:9      | Reached skill level 13 in Unarmed Combat
  7338 | D:9      | Noticed a two-headed ogre
  7394 | D:9      | Found a flagged portal.
  7408 | Bailey   | Entered a bailey
  7551 | Bailey   | Received a gift from Trog
  8156 | Bailey   | Found the +8 orange crystal plate armour {Archmagi, Int+3 Clar}
  8162 | Bailey   | Got a crude cloak
  8173 | Bailey   | Identified the +1 cloak of Zin's Benevolence {rF+} (You found it in a bailey)
  8733 | D:9      | Killed a two-headed ogre
  8733 | D:9      | Reached skill level 5 in Fighting
  8733 | D:9      | Reached skill level 5 in Dodging
  8743 | D:9      | Found Hawouw's Assorted Antiques.
  8752 | D:9      | Bought a potion of might for 108 gold pieces
  8757 | D:9      | Noticed a two-headed ogre
  8791 | D:9      | Killed a two-headed ogre
  8882 | D:9      | Reached skill level 5 in Throwing
  8938 | D:9      | Paralysed by fainting for 10 turns
  8970 | D:9      | Paralysed by fainting for 8 turns
  9005 | D:9      | Found a staircase to the Lair.
  9168 | D:9      | Found a shattered altar of Ashenzari.
  9196 | D:9      | Found a runed door.
  9196 | D:9      | Noticed a centaur warrior
  9196 | D:9      | Noticed a yaktaur captain
  9198 | D:9      | Noticed a centaur warrior
  9198 | D:9      | Noticed a deep troll
  9198 | D:9      | Noticed a fire giant
  9198 | D:9      | Noticed a wolf spider
  9198 | D:9      | Noticed an orc sorcerer
  9199 | D:9      | Found the +10 zealot's sword {holy, *Rage rN+ EV+3}
  9317 | D:10     | Entered Level 10 of the Dungeon
  9317 | D:10     | Found a staircase to the Orcish Mines.
  9334 | Orc:1    | Entered Level 1 of the Orcish Mines
  9513 | Orc:1    | Noticed an orc sorcerer
  9537 | Orc:1    | Reached XP level 11. HP: 92/105 MP: 10/10
 10252 | D:10     | Paralysed by a hornet for 3 turns
 10379 | D:10     | Received a gift from Trog
 10710 | D:11     | Noticed a death knight
 10765 | Lair:1   | Entered Level 1 of the Lair of Beasts
 11076 | Lair:1   | You fall through a shaft!
 11133 | Lair:2   | Noticed a four-headed hydra
 11166 | Lair:1   | Reached ****** piety under Trog
 11780 | Lair:1   | Reached skill level 14 in Unarmed Combat
 11941 | Lair:2   | Found a hole to the Spider Nest.
 11941 | Lair:2   | Found a snail-covered altar of Cheibriados.
 11960 | Lair:1   | Killed a four-headed hydra
 12059 | Lair:1   | Received a gift from Trog
 12328 | Lair:2   | Noticed a catoblepas
 12338 | Lair:2   | Killed a catoblepas
 12418 | Lair:2   | Noticed a five-headed hydra
 12422 | Lair:2   | Killed a five-headed hydra
 12452 | Lair:2   | Reached XP level 12. HP: 118/118 MP: 11/11
 12780 | Lair:2   | Received a gift from Trog
 13182 | Lair:3   | Found a staircase to the Swamp.
 13448 | Lair:3   | Reached skill level 1 in Armour
 13954 | Lair:4   | Noticed bogue1979's ghost (journeyman CeAM)
 13967 | Lair:4   | Killed bogue1979's ghost
 14090 | Lair:4   | Noticed a death yak
 14090 | Lair:4   | Noticed a death yak
 14091 | Lair:4   | Noticed a death yak
 14114 | Lair:4   | Killed a death yak
 14115 | Lair:4   | Noticed a death yak
 14117 | Lair:4   | Noticed a death yak
 14118 | Lair:4   | Noticed a death yak
 14122 | Lair:4   | Killed a death yak
 14126 | Lair:4   | Killed a death yak
 14127 | Lair:4   | Killed a death yak
 14130 | Lair:4   | Killed a death yak
 14133 | Lair:4   | Killed a death yak
 14579 | Lair:4   | Reached skill level 15 in Unarmed Combat
 14660 | Lair:4   | Found a basalt altar of Yredelemnul.
 15077 | Lair:5   | Reached XP level 13. HP: 110/128 MP: 8/12
 15261 | Lair:5   | Found a runed door.
 15484 | Lair:5   | Got a pitted demon blade
 15485 | Lair:5   | Identified the +7 demon blade "Peolleil" {freeze, MR+} (You found it on level 5 of the Lair of Beasts)
 15624 | Lair:5   | Received a gift from Trog
 15658 | Lair:5   | Received a gift from Trog
 15707 | Lair:5   | Found the +8 whip "Snakebite" {curare, rPois}
 15850 | Lair:6   | Entered Level 6 of the Lair of Beasts
 16699 | Lair:6   | Reached skill level 5 in Armour
 17390 | Lair:6   | Reached XP level 14. HP: 136/141 MP: 13/13
 17621 | Lair:6   | Found a runed door.
 17623 | Lair:6   | Found a viscous altar of Jiyva.
 17624 | Lair:6   | Found a staircase to the Slime Pits.
 17655 | Lair:6   | Reached skill level 10 in Fighting
 17961 | Lair:6   | Reached skill level 16 in Unarmed Combat
 18378 | Lair:6   | Received a gift from Trog
 18435 | Lair:6   | Got an ancient granite ring
 18437 | Lair:6   | Identified the ring "Ozevicid" {Wiz rN+ SInv} (You found it on level 6 of the Lair of Beasts)
 19700 | D:10     | Noticed Harold
 19709 | D:10     | Killed Harold
 19974 | D:11     | Received a gift from Trog
 20010 | D:11     | Got a transparent ivory ring
 20012 | D:11     | Identified the ring of Eternal Harmony {rElec rC+ Str+3 Slay+3} (You found it on level 11 of the Dungeon)
 20391 | D:12     | Found Byturh Bijin's Changing Room.
 20775 | D:13     | Noticed Urug
 20788 | D:13     | Killed Urug
 20887 | D:13     | Found a gate to the Vaults.
 21116 | Orc:1    | Reached skill level 17 in Unarmed Combat
 21345 | Orc:1    | Received a gift from Trog
 21603 | Orc:1    | Received a gift from Trog
 21913 | Orc:2    | Entered Level 2 of the Orcish Mines
 21988 | Orc:2    | Found Naviuvef's Magic Scroll Emporium.
 22065 | Orc:2    | Found a roughly hewn altar of Beogh.
 22077 | Orc:2    | Reached XP level 15. HP: 156/156 MP: 12/14
 22135 | Orc:2    | Found Qiucumi's Antique Armour Shoppe.
 23011 | Orc:2    | Found a staircase to the Elven Halls.
 23340 | Orc:2    | Noticed an orc warlord
 23377 | Orc:2    | Killed an orc warlord
 23424 | Orc:2    | Found a roughly hewn altar of Beogh.
 23449 | Orc:2    | Reached skill level 10 in Throwing
 23489 | Orc:2    | Found Ulethrewn's Gadget Emporium.
 23502 | Orc:2    | Received a gift from Trog
 23647 | Orc:2    | Found Vaobb's Antique Weapon Boutique.
 23939 | Orc:2    | Bought a scroll of teleportation for 48 gold pieces
 24311 | D:13     | Found the +5 pair of quick blades "Gyre" and "Gimble" {pierce, Dex-3}
 24318 | D:13     | Received a gift from Trog
 24661 | D:13     | Got a tattered robe
 24672 | D:13     | Identified the +1 robe "Goump" {*Slow rF+ Str+2 Stlth+} (You found it on level 13 of the Dungeon)
 24889 | D:14     | Received a gift from Trog
 25334 | D:14     | Found Zegol's Gadget Emporium.
 26105 | D:14     | Noticed Snorg
 26115 | D:14     | Killed Snorg
 26144 | D:14     | Found Bial's Jewellery Shoppe.
 26457 | D:14     | Found Dovarusm's General Store.
 26461 | D:14     | Bought a scroll of teleportation for 42 gold pieces
 26461 | D:14     | Bought 2 potions of curing for 84 gold pieces
 26509 | D:14     | Found Soban's Assorted Antiques.
 26514 | D:14     | Bought a scroll of teleportation for 102 gold pieces
 26514 | D:14     | Bought a brightly glowing copper ring for 170 gold pieces
 26514 | D:14     | Identified the ring of Jatimuro {*Tele Str+3} (You bought it in a shop on level 14 of the Dungeon)
 26722 | D:15     | Entered Level 15 of the Dungeon
 26746 | D:15     | Reached XP level 16. HP: 161/167 MP: 13/15
 26866 | D:15     | Gained mutation: Scrolls take you a little longer to read. [potion of mutation]
 26866 | D:15     | Gained mutation: You are partially covered in slimy green scales. (AC +2) [potion of mutation]
 26866 | D:15     | Gained mutation: You evolve. [potion of mutation]
 27074 | D:14     | Gained mutation: You passively map a small area around you. [evolution]
 27077 | D:14     | Lost mutation: Scrolls take you a little longer to read. [potion of mutation]
 27077 | D:14     | Gained mutation: You are covered in thick fur. (AC +2) [potion of mutation]
 27077 | D:14     | Gained mutation: You have a pair of small horns on your head. [potion of mutation]
 27077 | D:14     | Gained mutation: Your mind is acute. (Int +2) [potion of mutation]
 27077 | D:14     | Gained mutation: You have large cloven feet. [potion of mutation]
 27279 | D:15     | Received a gift from Trog
 27742 | D:15     | Found a staircase to the Depths.
 27759 | Depths:1 | Entered Level 1 of the Depths
 27759 | Depths:1 | Found a one-way gate to the infinite horrors of the Abyss.
 27759 | Depths:1 | Found a gateway to Hell.
 28053 | Swamp:1  | Entered Level 1 of the Swamp
 28216 | Swamp:1  | Noticed Roxanne
 28308 | Swamp:1  | Killed Roxanne
 28308 | Swamp:1  | Reached skill level 18 in Unarmed Combat
 28611 | Swamp:1  | Received a gift from Trog
 29407 | Swamp:2  | Found a transporter.
 29475 | Swamp:2  | Gained mutation: Your magical capacity is low. (-10% MP) [evolution]
 29479 | Swamp:2  | Found a transporter.
 29659 | Swamp:2  | Reached skill level 10 in Dodging
 30511 | Swamp:3  | Received a gift from Trog
 31076 | Swamp:4  | Entered Level 4 of the Swamp
 31329 | Swamp:4  | Noticed a thorn hunter
 31597 | Swamp:4  | Killed a thorn hunter
 31597 | Swamp:4  | Reached XP level 17. HP: 71/176 MP: 8/14
 32080 | Swamp:4  | Received a gift from Trog
 32109 | Swamp:4  | Noticed the 27-headed Lernaean hydra
 32493 | Swamp:4  | Got a decaying rune of Zot
 32719 | Spider:1 | Entered Level 1 of the Spider Nest
 32748 | Spider:1 | Reached skill level 1 in Shields
 32961 | Spider:1 | Received a gift from Trog
 32990 | Spider:1 | Lost mutation: You evolve. [evolution]
 33918 | Spider:2 | Noticed Nikola
 33934 | Spider:2 | Killed Nikola
 34056 | Spider:2 | Noticed Arachne
 34079 | Spider:2 | Killed Arachne
 34079 | Spider:2 | Reached skill level 5 in Shields
 34297 | Spider:2 | Received a gift from Trog
 34561 | Spider:2 | Noticed Frances
 34570 | Spider:2 | Killed Frances
 35699 | Spider:3 | Received a gift from Trog
 36271 | Spider:4 | Entered Level 4 of the Spider Nest
 36847 | Spider:4 | Reached XP level 18. HP: 129/185 MP: 0/15
 37337 | Spider:4 | Received a gift from Trog
 37675 | Spider:4 | Reached skill level 10 in Shields
 38109 | Spider:4 | Got a gossamer rune of Zot
 38825 | Depths:1 | Found a one-way gate leading to the halls of Pandemonium.
 39178 | Depths:1 | Received a gift from Trog
 39214 | Depths:1 | Found a gateway to a ziggurat.
 39334 | Depths:1 | Noticed a lich
 39363 | Depths:1 | Killed a lich
 39831 | Depths:1 | Paralysed by a great orb of eyes for 6 turns
 40294 | Depths:2 | Paralysed by a sphinx for 5 turns
 40531 | Depths:2 | Paralysed by fainting for 9 turns
 40934 | Depths:2 | Found a runed door.
 41196 | Depths:2 | Gained mutation: Your body sometimes deteriorates upon taking damage. [a shining eye]
 41244 | Depths:2 | Received a gift from Trog
 41394 | Depths:2 | Reached XP level 19. HP: 193/193 MP: 16/16
 41939 | Depths:2 | Received a gift from Trog
 42888 | Depths:2 | Noticed a golden dragon
 43047 | Depths:2 | Paralysed by a great orb of eyes for 3 turns
 43308 | Depths:2 | Noticed a golden dragon
 43318 | Depths:2 | Killed a golden dragon
 43680 | Vaults:1 | Entered Level 1 of the Vaults
 43980 | Vaults:1 | Received a gift from Trog
 43985 | Vaults:1 | Got an encrusted fustibalus {god gift}
 43991 | Vaults:1 | Identified the +3 fustibalus "Othiloem" {venom, rC+ Str+7} (Trog gifted it to you on level 1 of the Vaults)
 44284 | Vaults:1 | Cast into level 3 of the Abyss (a deep elf demonologist)
 44297 | Abyss:3  | Found a corrupted altar of Lugonu.
 44335 | Abyss:3  | Found a corrupted altar of Lugonu.
 44563 | Abyss:3  | Noticed a profane servitor
 44584 | Abyss:3  | Killed a profane servitor
 44609 | Vaults:1 | Escaped the Abyss
 44613 | Vaults:1 | Received a gift from Trog
 45051 | Vaults:1 | Reached skill level 19 in Unarmed Combat
 45154 | Vaults:1 | Noticed Andry07's ghost (adept GrFi)
 45187 | Vaults:1 | Killed Andry07's ghost
 45449 | Vaults:1 | Reached XP level 20. HP: 209/209 MP: 17/17
 45575 | Vaults:1 | Reached skill level 15 in Fighting
 45791 | Vaults:1 | Received a gift from Trog
 46562 | Vaults:2 | Received a gift from Trog
 46846 | Vaults:2 | Reached skill level 15 in Shields
 47937 | Vaults:3 | Reached skill level 10 in Armour
 48111 | Vaults:3 | Received a gift from Trog
 48795 | Vaults:3 | Noticed Jory
 48800 | Vaults:3 | Killed Jory
 49060 | Vaults:3 | Reached XP level 21. HP: 216/226 MP: 17/17
 49082 | Vaults:3 | Received a gift from Trog
 49086 | Vaults:3 | Found a staircase to the Crypt.
 49815 | Vaults:4 | Received a gift from Trog
 49912 | Vaults:4 | Noticed Asterion
 49930 | Vaults:4 | Killed Asterion
 50615 | Vaults:4 | Found Botzautt's Distillery.
 50633 | Vaults:4 | Bought a potion of heal wounds for 105 gold pieces
 50633 | Vaults:4 | Bought a potion of haste for 210 gold pieces
 50633 | Vaults:4 | Bought 2 potions of resistance for 420 gold pieces
 50633 | Vaults:4 | Bought a potion of might for 84 gold pieces
 50633 | Vaults:4 | Bought a potion of heal wounds for 105 gold pieces
 50633 | Vaults:4 | Bought 2 potions of heal wounds for 210 gold pieces
 50633 | Vaults:4 | Bought a potion of might for 84 gold pieces
 51102 | Depths:3 | Reached skill level 20 in Unarmed Combat
 51110 | Depths:3 | Noticed Mara
 51114 | Depths:3 | Noticed Principatus's illusion
 51118 | Depths:3 | Killed Mara
 51639 | Depths:3 | Found an iron altar of Okawaru.
 51841 | Depths:3 | Received a gift from Trog
 52921 | Depths:3 | Received a gift from Trog
 53099 | Depths:3 | Reached XP level 22. HP: 239/239 MP: 18/18
 54157 | Depths:3 | Noticed Saint Roka
 54170 | Depths:3 | Killed Saint Roka
 54174 | Depths:3 | Received a gift from Trog
 54368 | Depths:4 | Noticed the Enchantress
 55047 | Depths:3 | Lost mutation: You have a pair of small horns on your head. [potion of mutation]
 55047 | Depths:3 | Lost intelligence.
 55047 | Depths:3 | Lost mutation: Your mind is acute. (Int +2) [potion of mutation]
 55047 | Depths:3 | Lost mutation: Your magical capacity is low. (-10% MP) [potion of mutation]
 55047 | Depths:3 | Lost mutation: Your body sometimes deteriorates upon taking damage. [potion of mutation]
 55047 | Depths:3 | Gained mutation: Your body sometimes deteriorates upon taking damage. [potion of mutation]
 55047 | Depths:3 | Gained mutation: You are agile. (Dex +2) [potion of mutation]
 55050 | Depths:3 | Lost mutation: Your body sometimes deteriorates upon taking damage. [potion of mutation]
 55050 | Depths:3 | Lost mutation: You are agile. (Dex +2) [potion of mutation]
 55050 | Depths:3 | Lost mutation: You are covered in thick fur. (AC +2) [potion of mutation]
 55050 | Depths:3 | Gained mutation: You evolve. [potion of mutation]
 55050 | Depths:3 | Lost mutation: You evolve. [potion of mutation]
 55050 | Depths:3 | Gained mutation: You have supernaturally acute eyesight. (SInv) [potion of mutation]
 55165 | Depths:3 | Found the +6 Majin-Bo {vamp, Archmagi MP+6 Int+6}
 55183 | Depths:3 | Killed the Enchantress
 55260 | Depths:3 | Got faerie dragon scales
 55316 | Depths:4 | Noticed a golden dragon
 56352 | Depths:3 | Killed a golden dragon
 56727 | Depths:4 | Received a gift from Trog
 56731 | Depths:4 | Found Towuolan's Magic Scroll Shoppe.
 56744 | Depths:4 | Bought a scroll of teleportation for 72 gold pieces
 56744 | Depths:4 | Bought a scroll of teleportation for 72 gold pieces
 56952 | Depths:4 | Identified a scroll of acquirement
 56966 | Depths:4 | Got a shimmering granite ring
 57006 | Depths:4 | Identified the ring of Gasaugi {Ice MR+} (You acquired it on level 4 of the Depths)
 57032 | Depths:4 | Received a gift from Trog
 57380 | Depths:4 | Got a slimy copper ring
 57395 | Depths:4 | Identified the ring "Radusk" {-Tele rPois rF+ rC+ MP+9} (You took it off a tengu reaver on level 4 of the Depths)
 57574 | Depths:4 | Noticed Jorgrun
 57593 | Depths:4 | Killed Jorgrun
 58069 | Depths:5 | Entered Level 5 of the Depths
 58084 | Depths:5 | Noticed a golden dragon
 58094 | Depths:5 | Killed a golden dragon
 58506 | Depths:5 | Received a gift from Trog
 58588 | Depths:5 | Found the +3 mace of Variability {chaos}
 58924 | Depths:5 | Reached XP level 23. HP: 246/252 MP: 22/22
 59392 | Depths:5 | Reached skill level 21 in Unarmed Combat
 59393 | Depths:5 | Found a gate to the Realm of Zot.
 59992 | Vaults:5 | Entered Level 5 of the Vaults
 60001 | Vaults:5 | Received a gift from Trog
 60443 | Vaults:5 | HP: 12/252 [deep elf archer/arrow (3)]
 60443 | Vaults:5 | Slain by an ironheart preserver

Skill      XL: |  1  2  3  4  5  6  7  8  9 10 11 12 13 14 15 16 17 18 19 20 21 22 23 |
---------------+----------------------------------------------------------------------+-----
Fighting       | 3 4 5 7 8 9 11 12 13 14 17 18 19 | 19.4
Dodging        | 3 4 5 6 7 8 9 10 | 10.5
Unarmed Combat | 4 6 8 9 11 12 13 14 15 17 18 19 20 21 | 21.1
Throwing       | 2 5 7 8 9 10 11 12 13 | 13.6
Armour         | 3 5 6 8 9 10 11 12 | 12.9
Shields        | 9 13 14 15 | 15.0

Action                   |  1- 3 |  4- 6 |  7- 9 | 10-12 | 13-15 | 16-18 | 19-21 | 22-24 || total
-------------------------+-------+-------+-------+-------+-------+-------+-------+-------++-------
Melee: Unarmed           |    81 |   101 |   297 |   565 |  1133 |  1205 |  1214 |   512 ||  5108
       Punch             |     2 |     2 |    15 |    29 |   125 |    52 |       |       ||   225
       Kick              |       |       |       |       |       |   505 |   613 |   253 ||  1371
       Headbutt          |       |       |       |       |       |   303 |   367 |    21 ||   691
Throw: Tomahawk          |     3 |     2 |     5 |    25 |       |    36 |       |       ||    71
       Stone             |     1 |       |       |   281 |     8 |       |       |       ||   290
       Javelin           |       |       |       |       |    16 |    15 |       |       ||    31
       Large rock        |       |       |       |       |       |    15 |    20 |    24 ||    59
Invok: Burn Spellbooks   |       |       |     1 |     2 |     3 |     2 |     5 |     4 ||    17
       Brothers in Arms  |       |       |       |     6 |    12 |    15 |     3 |       ||    36
       Berserk           |       |       |       |     7 |    44 |    43 |    38 |    28 ||   160
       Trog's Hand       |       |       |       |       |     8 |     2 |     1 |     1 ||    12
Evoke: Wand              |       |       |       |       |       |       |       |     3 ||     3
  Use: Scroll            |       |     7 |     8 |    11 |    14 |    11 |     5 |     7 ||    63
       Potion            |       |     1 |     1 |     9 |    10 |    11 |     2 |     6 ||    40
 Stab: Sleeping          |     1 |       |       |       |       |       |       |       ||     1
       Distracted        |       |     1 |       |     2 |       |     1 |       |     1 ||     5
  Eat: Chunk             |    20 |    10 |    39 |    81 |   158 |   130 |   140 |    76 ||   654
       Ration            |       |       |       |     3 |       |    15 |     1 |     7 ||    26
Armor: Animal skin       |    26 |    28 |    85 |    55 |       |       |       |       ||   194
       Skin              |       |       |    28 |       |       |       |       |       ||    28
       Troll leather arm |       |       |       |   155 |   276 |   127 |       |       ||   558
       Swamp dragon scal |       |       |       |       |       |   418 |       |       ||   418
       Ice dragon scales |       |       |       |       |       |    40 |   199 |   137 ||   376
       Fire dragon scale |       |       |       |       |       |     3 |       |     2 ||     5
Dodge: Dodged            |    30 |    27 |    94 |   497 |   582 |   607 |   228 |   141 ||  2206
Block: Large shield      |       |       |       |       |       |   697 |  1053 |   528 ||  2278
       Reflection        |       |       |       |       |       |       |    89 |    14 ||   103
